AoeStats
← Ux'RaúlME

Arabia

507187993Analyzed
1v1 RM · 16d ago on Sep 17, 2026· 45m 35s· 2 players
Game mode
Random Map
Map size
Tiny (2 player)
Population
200
Speed
Normal
Resources
Standard
Victory
Conquest
Starting age
Dark Age
Ending age
Imperial Age
RankedLock teamsTeams togetherTeam positionsShared explorationLock speedFull tech treeHidden civsTurbo modeCheats
Victory
Defeat
🇦🇷 Cumans · Argentina
1443
+15
🇲🇽 Britons · Mexico
1418
-15
Ux'RaúlME
7:04 Loom
9:36 Feudal Age
10:18 Double-Bit Axe
19:18 Castle Age
18:33 Gold Mining
19:58 Crossbowman
21:36 Fletching
23:35 Bodkin Arrow
24:12 Padded Archer Armor
28:04 Leather Archer Armor
34:28 Imperial Age
35:29 Ballistics
35:22 Bracer
38:04 Chemistry
40:50 Conscription
42:33 Ring Archer Armor
44:56 Wheelbarrow
BurtoKengg
6:29 Loom
9:33 Feudal Age
10:10 Town Watch
10:11 Double-Bit Axe
23:09 Castle Age
21:48 Wheelbarrow
21:41 Gold Mining
21:42 Stone Mining
22:53 Fletching
23:11 Padded Archer Armor
24:08 Bodkin Arrow
32:25 Imperial Age
30:49 Bow Saw
30:37 Elite Skirmisher
31:49 Hand Cart
33:35 Leather Archer Armor
34:03 Ballistics
35:26 Chemistry
35:15 Conscription
35:44 Forging
35:40 Scale Barding Armor
37:23 Bloodlines
36:42 Cavalier
37:52 Chain Barding Armor
38:08 Iron Casting
37:45 Horse Collar
38:40 Paladin
41:59 Plate Barding Armor
42:25 Blast Furnace
Connection lost

Rejoining the realm…

Still unreachable

The connection could not be restored.

Session expired

The server has moved on; the page needs a fresh start.